 Dungeon Crawl Stone Soup version 0.27.1-33-g824d729ab1 (webtiles) character file.

Game seed: 2764053423575620167

338 safid the Chopper (level 6, 0/52 HPs)
             Began as a Hill Orc Fighter on Dec 20, 2021.
             Slain by Pikel (1 damage)
             ... on level 3 of the Dungeon.
             The game lasted 00:04:41 (3208 turns).

safid the Chopper (Hill Orc Fighter)                Turns: 3208, Time: 00:04:42

Health: 0/52       AC: 10    Str: 21    XL:     6   Next: 55%
Magic:  6/6        EV:  7    Int:  8    God:
Gold:   202        SH: 10    Dex: 10    Spells: 5/5 levels left

rFire    . . .     SeeInvis .   a - +0 war axe
rCold    . . .     Faith    .   c - +0 kite shield
rNeg     . . .     Spirit   .   b - +0 scale mail
rPois    .         Reflect  .   n - +2 helmet
rElec    .         Harm     .   (no cloak)
rCorr    .         Rampage  .   (no gloves)
Will     .....                  (no boots)
Stlth    ..........             (no amulet)
HPRegen  0.17/turn              (no ring)
MPRegen  0.10/turn              (no ring)

@: studying Crossbows
A: no striking features
a: no special abilities


You were on level 3 of the Dungeon.
You visited 1 branch of the dungeon, and saw 4 of its levels.

You collected 202 gold pieces.

Inventory:

Hand Weapons
 a - a +0 war axe (weapon)
Missiles
 e - 21 poisoned darts (quivered)
Armour
 b - a +0 scale mail (worn)
 c - a +0 kite shield (worn)
 n - a +2 helmet (worn)
Wands
 o - a wand of iceblast (7)
Scrolls
 f - a scroll of torment {unknown}
 j - 2 scrolls of identify {unknown}
 k - 2 scrolls of teleportation {unknown}
 l - 2 scrolls of acquirement {unknown}
 m - a scroll of immolation {unknown}
Potions
 d - a potion of might
 h - a potion of curing
 i - a potion of invisibility {unknown}
 p - a potion of attraction {unknown}
 q - a potion of magic {unknown}


   Skills:
 - Level 4.0 Fighting
 + Level 6.1 Axes
 - Level 4.0 Armour
 + Level 5.6 Shields


You had 5 spell levels left.
You didn't know any spells.
Your spell library contained the following spells:

 Spells                   Type           Power      Damage    Failure   Level
 Blink                    Tloc           N/A        N/A       99%         2
 Lesser Beckoning         Tloc           0%         N/A       100%        3
 Manifold Assault         Tloc           0%         N/A       100%        5


Dungeon Overview and Level Annotations

Branches:
Dungeon (4/15)
 Temple: D:4-7

Altars:
Cheibriados

Shops:
D:1 *

Annotations:
D:3 1 runed translucent door, Crazy Yiuf, Pikel


Message History

You block Pikel's attack.
Pikel hits you with a +0 whip of flaming.
* * * LOW HITPOINT WARNING * * *
Pikel burns you.
* * * LOW HITPOINT WARNING * * *
It was a potion of curing.
You feel better. You block Pikel's attack.
You slash Pikel!
Pikel is almost dead.
Pikel hits you with a +0 whip of flaming.
* * * LOW HITPOINT WARNING * * *
Pikel burns you.
* * * LOW HITPOINT WARNING * * *
You miss Pikel.
Pikel is almost dead.
You block Pikel's attack.
You hit Pikel but do no damage.
Pikel is almost dead.
Pikel hits you but does no damage. You block Pikel's attack.
You hit Pikel.
Pikel is almost dead.
Pikel hits you but does no damage.
You hit Pikel but do no damage.
Pikel is almost dead.
Pikel barely misses you.
You barely miss Pikel.
Pikel is almost dead.
You block Pikel's attack. x2
You hit Pikel but do no damage.
Pikel is almost dead.
You block Pikel's attack.
You hit Pikel but do no damage.
Pikel is almost dead.
Pikel hits you with a +0 whip of flaming.
* * * LOW HITPOINT WARNING * * *
Pikel burns you.
* * * LOW HITPOINT WARNING * * *
You closely miss Pikel.
Pikel is almost dead.
Pikel hits you with a +0 whip of flaming.
You die...

#.#........##.##.###
#.#.#.#.##.........############
#.#.#.#.#####.................#
#.....#.#####.#...###########.#
###.###.......##.## ####.##
####.############.# #.....#
#.......# #.# #.##..# #.##.##.#
##'## #.##..# #.......# ##@K.##
#.###.# #..#.##.# ##.....##
#.###.# #..#..#.## ##.......##
##.....#
#........####.........####...##.#
#.##........'.........'.........<
#........####.........####...##.#
#######..# ##.......## ##.#...#
##.# ##.....## ###.#.# #.#
##...## #...#


You could see Pikel.

Vanquished Creatures
  2 centaurs (D:4)
  Terence (D:3)
  An iguana (D:3)
  An orc wizard (D:3)
  3 adders
  An ufetubus (D:3)
  A worm (D:2)
  2 dart slugs (D:2)
  3 orcs (D:3)
  5 ball pythons
  4 bats
  4 endoplasms
  A giant cockroach (D:2)
  4 goblins
  7 hobgoblins
  8 jackals
  A quokka (D:4)
  2 frilled lizards
  4 kobolds
  7 rats
62 creatures vanquished.

Vanquished Creatures (others)
  A fungus (D:3)
1 creature vanquished.

Grand Total: 63 creatures vanquished

Notes
Turn   | Place    | Note
-------+----------+-------------------------------------------
     0 | D:1      | safid the Hill Orc Fighter began the quest for the Orb.
     0 | D:1      | Reached XP level 1. HP: 19/19 MP: 1/1
   146 | D:1      | Found a snail-covered altar of Cheibriados.
   147 | D:1      | Found Oqeurre's Assorted Antiques.
   165 | D:1      | Reached skill level 3 in Axes
   165 | D:1      | Reached XP level 2. HP: 26/27 MP: 2/2
  1045 | D:2      | Reached XP level 3. HP: 32/33 MP: 3/3
  1467 | D:2      | Reached XP level 4. HP: 16/40 MP: 4/4
  1931 | D:3      | Reached skill level 4 in Axes
  2241 | D:3      | Found a faded altar of an unknown god.
  2258 | D:3      | Reached XP level 5. HP: 41/46 MP: 5/5
  2708 | D:3      | Found a runed translucent door.
  2709 | D:3      | Noticed Crazy Yiuf
  2779 | D:3      | Noticed Terence
  2786 | D:3      | Killed Terence
  2787 | D:3      | Reached skill level 5 in Axes
  2934 | D:4      | Noticed a centaur
  2935 | D:4      | Noticed a centaur
  2941 | D:4      | Killed a centaur
  2942 | D:4      | Reached skill level 5 in Shields
  2942 | D:4      | Reached XP level 6. HP: 8/52 MP: 6/6
  2946 | D:4      | Reached skill level 6 in Axes
  3146 | D:4      | Noticed Pikel
  3198 | D:3      | HP: 1/52 [Pikel (2)]
  3207 | D:3      | HP: 1/52 [Pikel (2)]
  3208 | D:3      | Slain by Pikel

Illustrated notes

Levels and vault maps discovered:
D:1:      tarquinn_simple_flora_water_e, layout_rooms, serial_shops,
          nicolae_diamond_shop, interstate_on_off, roderic_lattice_a,
          chequers_serial_rivers_marsh, minmay_hexomino_r4
D:2:      layout_rooms
D:3:      layout_loops_corners, ebering_ecumenical_altar_ruins, uniq_terence,
          uniq_crazy_yiuf_cottage
D:4:      layout_layer_cave, jmf_multi_god_temple2, minmay_manual_mares,
          uniq_pikel, uniq_ijyb

Skill      XL: |  1  2  3  4  5  6 |
---------------+-------------------+-----
Axes           | 3 4 5 6 |  6.1
Fighting       | 4 |  4.0
Armour         | 4 |  4.0
Shields        | 4 5 |  5.6

Action                   |  1- 3 |  4- 6 || total
-------------------------+-------+-------++-------
Melee: War axe           |   108 |    93 ||   201
Throw: Dart              |       |     5 ||     5
  Use: Potion            |       |     3 ||     3
Armor: Scale mail        |    57 |    57 ||   114
Dodge: Dodged            |    54 |    35 ||    89
Block: Kite shield       |    68 |    77 ||   145
